AoeStats
← carloscanon98

Migration

510061967Analyzed
1v1 RM · 2d ago on Sep 29, 2026· 61m 51s· 2 players
Game mode
Random Map
Map size
132×132
Population
200
Speed
Normal
Resources
Standard
Victory
Conquest
Starting age
Dark Age
Ending age
Imperial Age
RankedLock teamsTeams togetherTeam positionsShared explorationLock speedFull tech treeHidden civsTurbo modeCheats
Victory
Defeat
🇸🇪 Italians · Sweden
488
+11
🇨🇴 Koreans · Colombia
380
-11
carloscanon98
3:45 Loom
19:53 Feudal Age
21:14 Double-Bit Axe
21:13 Horse Collar
21:27 Stone Mining
21:28 Gold Mining
29:48 Wheelbarrow
29:51 Arson
29:27 Man-at-Arms
30:10 Town Watch
30:43 Scale Mail Armor
30:54 Forging
33:03 Castle Age
33:02 Fletching
33:08 Long Swordsman
33:49 Squires
33:36 Elite Skirmisher
34:34 Heavy Plow
34:48 Bow Saw
35:00 Bodkin Arrow
35:21 Chain Mail Armor
35:37 Squires
37:22 Hand Cart
37:53 Gold Shaft Mining
37:53 Stone Shaft Mining
37:57 Eupseong
41:27 Fervor
43:09 Town Patrol
45:13 Heated Shot
45:04 Treadmill Crane
45:20 Murder Holes
46:04 Pikeman
52:17 Imperial Age
50:53 Ballistics
53:20 Medium Warships
53:34 Masonry
55:15 Chemistry
55:29 Two-Man Saw
54:29 Two-Handed Swordsman
55:07 Halberdier
56:45 Champion
robmar
12:00 Feudal Age
14:07 Double-Bit Axe
14:13 Fishing Lines
16:55 Castle Age
15:17 Gold Mining
15:26 Horse Collar
16:42 Man-at-Arms
17:54 Bow Saw
17:40 Stone Mining
20:20 Long Swordsman
22:12 Stone Shaft Mining
23:40 Heavy Plow
25:40 Wheelbarrow
26:23 Arson
26:59 Pikeman
28:12 Scale Mail Armor
28:47 Padded Archer Armor
29:01 Squires
29:50 Gillnets
39:11 Murder Holes
39:07 Guard Tower
40:14 Hand Cart
41:01 Forging
41:07 Chain Mail Armor
41:09 Leather Archer Armor
42:06 Scale Barding Armor
41:52 Fletching
44:26 Husbandry
44:36 Bloodlines
43:47 Light Cavalry
47:51 Imperial Age
45:49 Chain Barding Armor
45:33 Light Cavalry
46:13 Husbandry
46:24 Bloodlines
48:40 Two-Handed Swordsman
51:12 Chemistry
51:47 Town Watch
56:54 Two-Man Saw
57:05 Iron Casting
57:01 Plate Mail Armor
58:34 Elite Genoese Crossbowman
61:48 Champion
Connection lost

Rejoining the realm…

Still unreachable

The connection could not be restored.

Session expired

The server has moved on; the page needs a fresh start.